Map: Abyssal Reef LE

Players

Stephano

  • Race: Zerg Zerg
  • Spawn Location: 5:00

Serral - Winner!

  • Race: Zerg Zerg
  • Spawn Location: 11:00

Event: WCS Jonkoping 2017

VOD

Have the link to the VOD?

Description

Time

  • Played on: June 18, 2017, 5:49 a.m.
  • Length: 12:22

All games in this series

Show
View Real Time Build Order
Export as new Build Order

Stephano Zerg 

Build Orders: Hatch First 

Get SALT Encoding   

  12  0:00  Drone  
  13  0:13  Overlord  
  13  0:18  Drone  
  14  0:31  Drone x2  
  14  0:35  Drone  
  17  0:52  Hatchery  
  17  0:55  Drone  
  17  0:58  Drone  
  18  1:08  Extractor  
  17  1:13  Spawning Pool  
  17  1:16  Drone  
  17  1:19  Drone  
  18  1:28  Drone  
  19  1:39  Overlord  
  19  2:00  Queen  
  19  2:01  Zergling x4  
  23  2:03  Queen  
  23  2:04  Zergling x2  
  23  2:08  Metabolic Boost  
  26  2:16  Drone x2  
  28  2:24  Drone  
  28  2:26  Drone  
  30  2:34  Drone  
  30  2:36  Queen, Drone  
  34  2:48  Drone  
  34  2:49  Drone  
  36  3:03  Hatchery, Drone  
  36  3:05  Drone  
  36  3:08  Overlord  
  36  3:12  Baneling Nest  
  35  3:17  Zergling x2  
  35  3:29  Zergling x8  
  35  3:30  Drone x2  
  41  3:41  Overlord  
  41  3:42  Drone  
  41  3:43  Drone  
  43  3:54  Evolution Chamber  
  43  3:55  Overlord x2  
  42  3:56  Baneling x2  
  42  3:58  Drone  
  42  4:00  Drone  
  42  4:02  Drone x2  
  46  4:03  Drone  
  46  4:06  Drone  
  48  4:16  Baneling x3  
  48  4:17  Drone x3  
  48  4:18  Drone x2  
  48  4:19  Queen  
  48  4:20  Extractor  
  48  4:21  Extractor  
  53  4:27  Roach Warren  
  53  4:30  Drone  
  54  4:31  Drone  
  54  4:40  Zergling x2  
  53  4:46  Drone  
  53  4:51  Drone x3  
  53  4:52  Overlord  
  56  4:53  Drone  
  56  4:55  Zerg Missile Weapons Level 1  
  56  4:57  Drone x2  
  59  5:00  Drone x2  
  59  5:03  Drone  
  59  5:04  Lair  
  59  5:05  Drone  
  59  5:06  Drone x2  
  64  5:13  Drone x4  
  68  5:16  Drone  
  68  5:18  Drone x2  
  71  5:21  Overlord  
  71  5:25  Drone x2  
  71  5:27  Extractor  
  72  5:35  Zergling x4  
  73  5:39  Overlord  
  73  5:42  Extractor  
  73  5:43  Drone x3  
  73  5:44  Drone  
  73  5:48  Drone  
  73  5:49  Drone  
  78  5:50  Hatchery  
  78  5:54  Drone x2  
  78  5:55  Drone x2  
  78  5:56  Overlord  
  81  5:57  Baneling x2  
  81  5:58  Overlord  
  81  5:59  Drone  
  82  6:06  Glial Reconstitution  
  82  6:07  Extractor, Overseer  
  81  6:13  Drone  
  81  6:15  Roach x6  
  93  6:19  Overlord  
  93  6:22  Roach x4  
  93  6:24  Overlord  
  100  6:31  Overlord x2  
  100  6:33  Overlord x2  
  100  6:35  Pneumatized Carapace  
  100  6:41  Overlord  
  100  6:45  Burrow  
  100  6:47  Overlord  
  100  6:51  Roach  
  100  6:52  Roach x2  
  106  6:55  Roach x2  
  106  6:58  Roach x2  
  106  7:00  Zerg Missile Weapons Level 2  
  114  7:03  Roach  
  114  7:05  Roach  
  114  7:06  Roach  
  120  7:09  Roach x2  
  120  7:11  Drone  
  120  7:12  Drone  
  120  7:14  Roach x2  
  129  7:21  Roach x4  
  136  7:24  Tunneling Claws, Roach x2  
  136  7:28  Roach x2  
  144  7:30  Roach  
  144  7:31  Roach  
  142  7:38  Roach x5  
  142  7:43  Roach  
  144  7:51  Roach  
  124  7:53  Roach x3  
  124  7:55  Roach  
  124  7:56  Roach x3  
  126  7:59  Unknown x2  
  126  8:00  Roach x3  
  132  8:08  Roach x5  
  142  8:18  Hatchery  
  141  8:24  Roach x2  
  145  8:27  Overlord x3  
  145  8:35  Roach x5  
  145  8:41  Overlord  
  145  8:46  Roach  
  145  8:47  Roach x8  
  163  8:53  Roach  
  163  8:54  Roach x2  
  169  8:57  Overlord  
  169  8:59  Overlord  
  169  9:00  Hydralisk Den  
  169  9:02  Overseer  
  166  9:07  Ravager x4  
  166  9:08  Roach x3  
  176  9:10  Spore Crawler  
  176  9:17  Overseer  
  175  9:18  Roach  
  175  9:19  Roach x7  
  191  9:25  Zerg Ground Armor Level 1  
  191  9:29  Ravager  
  191  9:30  Ravager x3, Overlord  
  195  9:33  Roach x2  
  195  9:34  Spine Crawler  
  195  9:36  Drone  
  199  9:50  Unknown  
  199  9:55  Overseer  
  199  10:04  Spine Crawler x2  
  199  10:05  Overseer  
  197  10:10  Roach x13  
  193  10:25  Roach x4  
  193  10:26  Roach x4  
  193  10:27  Roach x3  
  199  10:38  Roach x3  
  194  10:45  Roach  
  194  10:46  Roach x3  
  190  10:51  Roach x6  
  190  10:54  Roach x6  
  190  11:00  Roach x9  
  190  11:01  Roach x5  
  178  11:05  Roach x4  
  178  11:08  Roach x4  
  178  11:09  Roach  
  178  11:15  Roach x2  
  178  11:17  Roach x6  
  173  11:18  Queen  
  173  11:19  Queen  
  173  11:23  Ravager x7  
  173  11:24  Roach x2  
  178  11:32  Roach  
  182  11:33  Roach x2  
  165  11:40  Roach  
  165  11:46  Roach x5  
  128  11:50  Roach  
  113  12:01  Roach x2  
  113  12:02  Roach x2  
Show
View Real Time Build Order
Export as new Build Order

Serral Zerg - Winner!

Build Orders: Hatch First 

Get SALT Encoding   

  12  0:00  Drone  
  13  0:13  Overlord  
  13  0:17  Drone  
  14  0:31  Drone x2  
  14  0:35  Drone  
  17  0:53  Hatchery  
  17  0:55  Drone  
  17  0:58  Drone  
  18  1:10  Extractor  
  17  1:12  Spawning Pool  
  17  1:16  Drone  
  17  1:20  Drone  
  18  1:28  Drone  
  19  1:41  Overlord  
  19  1:52  Drone  
  20  2:00  Queen  
  22  2:01  Zergling x2  
  22  2:05  Queen, Zergling x2  
  26  2:09  Metabolic Boost  
  26  2:11  Drone  
  27  2:17  Drone  
  28  2:23  Drone  
  28  2:28  Drone  
  30  2:34  Drone  
  31  2:38  Drone  
  31  2:44  Zergling x2  
  33  2:45  Hatchery  
  33  2:48  Overlord  
  32  3:02  Drone x2  
  33  3:08  Overlord  
  33  3:09  Drone  
  33  3:10  Drone  
  33  3:12  Zergling x4  
  37  3:15  Queen  
  39  3:20  Zergling x6  
  39  3:21  Zergling x2  
  43  3:28  Overlord  
  43  3:31  Zergling x2  
  44  3:43  Zergling x6  
  44  3:44  Zergling x4  
  44  3:46  Drone x2  
  51  3:50  Zergling x2  
  51  3:54  Roach Warren  
  51  4:00  Overlord  
  51  4:01  Drone x2  
  53  4:03  Drone  
  53  4:06  Drone  
  53  4:07  Evolution Chamber  
  54  4:10  Drone  
  54  4:14  Drone  
  56  4:17  Drone x2  
  56  4:18  Drone  
  56  4:19  Drone x2  
  56  4:24  Overlord  
  61  4:25  Drone x2  
  61  4:27  Extractor  
  61  4:28  Extractor  
  61  4:31  Drone x2  
  63  4:34  Zerg Missile Weapons Level 1  
  63  4:36  Drone  
  64  4:39  Drone  
  64  4:40  Drone  
  64  4:42  Drone  
  64  4:44  Lair  
  67  4:51  Drone x2  
  65  4:53  Drone  
  65  4:55  Drone x2  
  65  4:56  Drone  
  68  5:02  Overlord  
  68  5:06  Drone x2  
  70  5:10  Roach x3  
  75  5:16  Roach  
  75  5:17  Roach x2  
  75  5:21  Extractor, Overlord x2  
  80  5:23  Extractor  
  80  5:24  Drone x3  
  80  5:25  Drone  
  83  5:32  Drone, Overlord  
  83  5:33  Drone  
  83  5:34  Drone x2  
  86  5:36  Drone x2  
  86  5:43  Glial Reconstitution  
  86  5:46  Extractor, Drone x2  
  86  5:47  Drone  
  88  5:52  Drone x3  
  88  5:56  Ravager x4  
  95  5:57  Hatchery  
  95  6:02  Roach x3  
  100  6:11  Overlord  
  100  6:14  Roach x3  
  100  6:15  Roach x2  
  110  6:24  Overlord  
  104  6:28  Roach x5  
  104  6:30  Zerg Missile Weapons Level 2  
  114  6:34  Overseer  
  118  6:40  Roach x4  
  118  6:45  Overlord x3  
  122  6:50  Infestation Pit  
  122  6:51  Roach x4  
  129  7:01  Overlord x2  
  129  7:07  Roach  
  129  7:08  Roach x6  
  143  7:17  Roach x2  
  143  7:22  Roach x4  
  155  7:26  Roach  
  155  7:27  Roach x2  
  161  7:32  Roach x3  
  163  7:39  Roach x2  
  163  7:40  Roach x2  
  163  7:41  Queen  
  167  7:47  Roach  
  167  7:48  Roach x3  
  167  7:50  Roach  
  165  7:56  Infestor x2  
  169  7:58  Drone x3  
  169  8:01  Roach  
  169  8:02  Roach  
  169  8:04  Overlord x2  
  176  8:13  Overlord  
  176  8:15  Burrow  
  176  8:17  Tunneling Claws  
  176  8:19  Spore Crawler  
  175  8:22  Overlord  
  175  8:24  Drone x3  
  178  8:29  Hatchery  
  178  8:32  Ravager  
  178  8:33  Ravager x2  
  178  8:34  Infestor  
  180  8:39  Roach x5  
  192  8:42  Overseer  
  192  8:50  Spore Crawler, Overseer  
  192  8:53  Overseer  
  189  8:57  Roach x6  
  189  9:00  Overseer  
  195  9:11  Extractor, Drone x3  
  195  9:14  Zerg Ground Armor Level 1  
  195  9:16  Roach  
  199  9:18  Pneumatized Carapace  
  199  9:26  Spine Crawler x2  
  199  9:27  Spine Crawler  
  199  9:28  Drone x4, Spine Crawler  
  199  9:29  Spine Crawler  
  198  9:38  Roach  
  200  9:40  Roach x7  
  200  9:41  Hive  
  200  9:44  Spire  
  199  9:48  Hydralisk Den  
  198  9:55  Queen  
  198  9:56  Roach x4  
  200  10:13  Roach  
  200  10:14  Roach x9  
  200  10:20  Muscular Augments  
  196  10:22  Roach x3  
  196  10:29  Roach x2  
  194  10:48  Roach x2  
  194  10:49  Roach x2  
  195  10:53  Overseer  
  195  10:54  Overseer  
  183  11:03  Drone x4  
  170  11:06  Roach  
  170  11:07  Roach x11  
  186  11:11  Roach x2  
  180  11:21  Drone x11  
  180  11:22  Roach  
  180  11:23  Roach x10  
  150  11:48  Roach  
  150  11:49  Roach x14  
  150  11:52  Roach x3  
  150  11:53  Roach x2  
  161  12:03  Unknown  
  161  12:04  Unknown x7  
Tags
 
Add a new tag
Caveats
  • Supply blocks, unpowered buildings, or Contaminate may cause inaccurate times.
  • Supply counts are checked every 10 seconds.